 Dungeon Crawl Stone Soup version 0.30-a0-989-g0d87f670db (webtiles) character file.

Game seed: 8788599537149312329

613316 Laraso the Armataur Barricade (level 26, -23/263 HPs)
             Began as an Armataur Berserker on Apr 2, 2023.
             Was the Champion of Trog.
             Killed from afar by a red draconian scorcher (25 damage)
             ... with damnation
             ... on level 5 of the Realm of Zot.
             The game lasted 02:02:31 (80290 turns).

Laraso the Armataur Barricade (Armataur Berserker) Turns: 80290, Time: 02:02:32

Health: -23/263    AC:  0    Str: 24    XL:     26   Next: 82%
Magic:  7/23       EV: 33    Int: 11    God:    Trog [******]
Gold:   2632       SH:  5    Dex: 22    Spells: 25/25 levels left

rFire   . . .      SeeInvis .    a - melded +8 eveningstar "Grim Tooth" {vamp, rPois rC+ rCorr Dex+3}
rCold   . . .      Faith    .    l - melded +2 shield of Resistance {rF++ rC++ Will++}
rNeg    . . .      Spirit   .    J - melded +11 shadow dragon scales
rPois   .          Reflect  +    t - melded +0 helmet "Kamog" {Will+ Dex+3 SInv}
rElec   .          Roll     +    X - melded +1 cloak "Hips" {rElec Str+3 Int+5 Slay-2}
rCorr   .                        O - melded +3 Mad Mage's Maulers {Infuse+∞ VampMP -Cast}
Will    ++...                    L - melded +4 barding
Stlth   +++++                    R - amulet of reflection
HPRegen 0.63/turn                I - melded ring of the Real Monster {rF++ rCorr Dex+6}
MPRegen 0.18/turn                u - melded +4 ring of slaying

@: bat-form, vertiginous, on berserk cooldown, flying, slowed, studying Long
Blades, unable to drink, quick
A: fast, flying, no casting, tiny, rugged brown scales 3, (deformed body),
(armoured tail), roll, long tongue, awkward tongue, deterioration 1,
strong-willed 1, mutation resistance 1
}: 3/15 runes: serpentine, barnacled, silver
a: Renounce Religion, Berserk, Trog's Hand, Brothers in Arms


You were on level 5 of the Realm of Zot.
You worshipped Trog.
Trog was exalted by your worship.
You were a bat.
You visited 9 branches of the dungeon, and saw 47 of its levels.
You visited 2 bazaars.
You also visited: Bailey, Gauntlet and Ice Cave.

You collected 8549 gold pieces.
You spent 5917 gold pieces at shops.

Inventory:

Hand Weapons
 a - the +8 eveningstar "Grim Tooth" (melded) {vamp, rPois rC+ rCorr Dex+3}
   (You acquired it on level 4 of the Realm of Zot)

   Dex:       It affects your dexterity (+3).
   rC:        It protects you from cold.
   rPois:     It protects you from poison.
   rCorr:     It protects you from acid and corrosion.
Missiles
 F - 7 throwing nets (quivered)
Armour
 l - the +2 shield of Resistance (melded) {rF++ rC++ Will++}
   (You bought it in a shop in a bazaar)

   rF:        It greatly protects you from fire.
   rC:        It greatly protects you from cold.
   Will:      It greatly increases your willpower.
 t - the +0 helmet "Kamog" (melded) {Will+ Dex+3 SInv}
   (You bought it in a shop on level 2 of the Dungeon)

   Dex:       It affects your dexterity (+3).
   SInv:      It lets you see invisible.
   Will:      It increases your willpower.
 J - +11 shadow dragon scales (melded)
 L - a +4 barding (melded)
 O - the +3 Mad Mage's Maulers (melded) {Infuse+∞ VampMP -Cast}
   (You found it on level 3 of the Elven Halls)

   Infuse+∞: It empowers its wearer's blows with all of their magic.
   VampMP:    Blows struck in melee replenish the wearer's magic.
   -Cast:     It prevents spellcasting.
 X - the +1 cloak "Hips" (melded) {rElec Str+3 Int+5 Slay-2}
   (You found it in a Gauntlet)

   Str:       It affects your strength (+3).
   Int:       It affects your intelligence (+5).
   Slay:      It affects your accuracy & damage with ranged weapons and melee
   (-2).
   rElec:     It insulates you from electricity.
Jewellery
 u - a +4 ring of slaying (melded)
 H - the ring "Tenek" {Fly rPois rCorr Str+2}
   (You took it off an ironbound preserver on level 5 of the Vaults)

   [ring of flight]

   Str:       It affects your strength (+2).
   rPois:     It protects you from poison.
   Fly:       It grants you flight.
   rCorr:     It protects you from acid and corrosion.
 I - the ring of the Real Monster (melded) {rF++ rCorr Dex+6}
   (You took it off a deep elf death mage on level 3 of the Elven Halls)

   [ring of dexterity]

   Dex:       It affects your dexterity (+6).
   rF:        It greatly protects you from fire.
   rCorr:     It protects you from acid and corrosion.
 R - an amulet of reflection (around neck)
Wands
 k - a wand of iceblast (34)
 q - a wand of light (13)
 C - a wand of charming (17)
 D - a wand of flame (64)
 P - a wand of digging (29)
 Y - a wand of polymorph (3)
Scrolls
 b - 11 scrolls of vulnerability
 c - 6 scrolls of poison
 f - 17 scrolls of fog
 g - 3 scrolls of torment
 i - 10 scrolls of fear
 v - a scroll of magic mapping
 y - 21 scrolls of teleportation
 A - 5 scrolls of butterflies
 B - 6 scrolls of immolation
 G - 3 scrolls of silence
 M - 13 scrolls of blinking
Potions
 d - 12 potions of heal wounds
 e - 14 potions of curing
 h - 6 potions of resistance
 j - 9 potions of attraction
 m - 3 potions of might
 o - 5 potions of haste
 p - a potion of flight
 s - 3 potions of invisibility
 w - 6 potions of magic
 x - 5 potions of cancellation
 z - 12 potions of mutation
 K - 3 potions of berserk rage
Miscellaneous
 n - a box of beasts
 E - a piece from Xom's chessboard (15/15)
 Q - a lightning rod (4/4)
 S - a tin of tremorstones (2/2)
 T - a phantom mirror
 V - a condenser vane
 W - a phial of floods


   Skills:
 - Level 22.0 Fighting
 - Level 16.0 Maces & Flails
 - Level 20.0 Armour
 * Level 16.5 Dodging
 - Level 12.0 Stealth
 O Level 27 Shields
 - Level 16.0 Evocations


You had 25 spell levels left.
You didn't know any spells.
Your spell library was empty.

Dungeon Overview and Level Annotations

Branches:
Dungeon (15/15)            Temple (0/1) D:4            Lair (5/5) D:9
 Shoals (4/4) Lair:2        Snake (4/4) Lair:3        Slime (0/5) Lair:4
    Orc (2/2) D:9             Elf (3/3) Orc:2        Vaults (5/5) D:13
  Crypt (0/3) Vaults:3     Depths (4/4) D:15            Zot (5/5) Depths:4
 Bailey (visited)           IceCv (visited)         Gauntlet (visited)

Altars:
Elyvilon
Gozag
Hepliaklqana
Makhleb
Okawaru
Ru
Trog
Yredelemnul
Zin
The Shining One
Jiyva
Lugonu

Shops:
D:2 [   D:4 =   D:10 *   D:11 :   Orc:2 (?:?   Elf:1 [**(   Elf:2 =
Shoals:1 *[*(*   Vaults:3 (   Depths:2 *:

Portals:
Hell: Depths:1 Depths:2 Depths:3 Depths:4
Abyss: D:11 Lair:5 Depths:1 Depths:2 Depths:3 Depths:4
Pandemonium: Orc:2 Depths:2
Ziggurat: Depths:3

Annotations:
Snake:1 2 transporters
Elf:2 5 runed translucent doors, 2 transporters, Yakesh's ghost, adept MiFi
Zot:2 3 runed translucent doors, 2 transporters, exclusion: obsidian statue, LobsterGuardian's ghost, master DsFi
Zot:5 1 runed translucent door, cforsyth's ghost, legendary FoFi
Abyss:1 Bai Suzhen; Joseph; Tiamat


Innate Abilities, Weirdness & Mutations

You are a bat.
You are tiny and dextrous.
You move quickly.
You are flying.
Your equipment is almost entirely melded.
You are incapable of wielding weapons or throwing items.
You cannot cast spells.
(You are completely covered in rugged brown scales. (AC +3, +7% HP))
((Armour fits poorly on your strangely shaped body.))
((You have a long armoured tail.))
You roll when moving toward enemies. (Rampage)
Your long tongue fully drains potion bottles. (2x potion effects)
Your tongue gives you trouble enunciating. (1.5x scroll delay)
Your body sometimes deteriorates upon taking damage.
You are strong-willed. (Will+)
You are somewhat resistant to further mutation.


Message History

Unknown command.
You hit the Killer Klown but do no damage.
The Killer Klown is moderately wounded.
The Killer Klown pies you viciously! The klown pie hits you!!!
Lemon!
You feel unable to drink.
* * * LOW HITPOINT WARNING * * *
The Orb Guardian completely misses you.
Unknown command.
You barely miss the Killer Klown.
The Killer Klown is moderately wounded.
The Orb Guardian completely misses you.
The Killer Klown blinks!
Unknown command.
You hit the Killer Klown.
The Killer Klown is moderately wounded.
You are no longer berserk.
You are exhausted.
You feel yourself slow down.
The Killer Klown karate-kicks you with a +12 club of flaming!!
* * * LOW HITPOINT WARNING * * *
The Killer Klown burns you.
* * * LOW HITPOINT WARNING * * *
The yellow draconian annihilator mumbles some strange words.
The yellow draconian annihilator blinks!
The Orb Guardian barely misses you.
You cannot drink potions in your current state!
Unknown command.
Blink to where?
Press: ? - help, Dir - move target A Killer Klown, a black draconian and a yellow draconian annihilator come into view.
The Killer Klown is wielding a +9 club of flaming.
The yellow draconian annihilator is wielding a +2 long sword of flaming.
As you slowly read the scroll of blinking, it crumbles to dust.
The Killer Klown pies you viciously! The klown pie hits you!!!
Plum!
You feel light-headed.
* * * LOW HITPOINT WARNING * * *
A Killer Klown comes into view. It is wielding a +12 club.
The Killer Klown smiles at you.
The Killer Klown blinks!
The red draconian scorcher casts a spell at you.
The sphere of damnation explodes!
The damnation engulfs you!!
You die...

......^....### ###..^..
)......##ddXX## ##....#*,
......[.###Xq.###########...###,,
.........###.p.q.......§...##*,^,
.........# ##dd...pq.pd...## *,,,
.........# #..pp.........# *,,,
.........# ##).....^....## *,,,
.........# #...........# *,,,
.....!.^.# ##..b..q.....## *,,,
.......^## #.......).....# **,,
.......## ##.............## **,
,,,,,,** #......p........# **
******* ########)########▓▓▓▓#
#.# #..# #..... # #.# #.##
######..... #
###.###.####....'..... #
#..............##.....


You could see 6 Killer Klowns, a black draconian (wandering), a purple
draconian, 2 draconians, a purple draconian shifter, 3 Orb Guardians, 2
draconians and a red draconian scorcher.

Vanquished Creatures
  3 dread liches
  An ancient lich (Zot:5)
  3 orbs of fire (Zot:5)
  A juggernaut (Depths:3)
  Sojobo (Vaults:5)
  Vv (Zot:2)
  2 Killer Klowns (Zot:5)
  The ghost of Luiw the Slayer, a veteran HOBe of Trog (Vaults:4)
  The ghost of Luiw the Slayer, a veteran HOBe of Trog (Vaults:1)
  Saint Roka (Elf:1)
  2 curse toes
  2 caustic shrikes (Depths:3)
  6 golden dragons
  A bone dragon (Depths:4)
  5 electric golems
  15 Orb Guardians (Zot:5)
  14 tentacled monstrosities
  Jorgrun (Snake:2)
  2 deep elf blademasters (Elf:3)
  3 liches
  A walking earthen tome (Depths:3)
  Asterion (Depths:1)
  A quicksilver dragon (Zot:5)
  5 titans
  2 deep elf master archers (Elf:3)
  Gastronok (D:8)
  10 death cobs
  2 sphinxes
  Kirke (Snake:1)
  Agnes (D:14)
  6 shadow dragons
  7 tengu reavers
  14 storm dragons
  8 draconian monks
  A nagaraja (Snake:1)
  5 draconian knights
  5 fire giants
  5 deep elf sorcerers (Elf:3)
  5 draconian scorchers
  9 frost giants
  3 draconian stormcallers
  14 vault wardens
  An orc warlord (Vaults:1)
  Aizul (Snake:1)
  5 deep elf elementalists (Elf:3)
  5 spriggan defenders
  4 draconian shifters
  A ghost moth (Zot:2)
  19 ironbound preservers
  6 draconian annihilators
  5 ironbound thunderhulks
  5 war gargoyles
  9 stone giants
  3 vampire knights
  12 very ugly things
  15 green draconians
  15 black draconians
  2 deep elf demonologists
  14 yellow draconians
  8 white draconians
  3 spark wasps (Depths:3)
  A lorocyproca (Depths:2)
  13 purple draconians
  A bunyip (shapeshifter) (Depths:3)
  11 red draconians
  8 deep elf annihilators
  A minotaur (Gauntlet)
  6 deep elf death magi
  Snorg (Orc:2)
  4 merfolk javelineers
  14 yaktaur captains
  5 fire dragons
  2 jiangshi (Depths:4)
  A crystal guardian (Vaults:3)
  An entropy weaver (Vaults:3)
  5 merfolk impalers
  8 ettins
  Josephine (D:13)
  6 ice dragons
  5 great orbs of eyes
  5 deep elf high priests
  6 rakshasas
  2 hydras
  Fannar (D:10)
  2 peacekeepers
  28 vault guards
  2 salamander tyrants (Snake:4)
  2 caustic shrike simulacra (IceCv)
  5 merfolk avatars
  The ghost of Bediveer the Destroyer, a journeyman DrCj of Sif Muna (D:10)
  9 anacondas
  A hell beast (Depths:4)
  2 spriggan air magi
  A catoblepas (Lair:4)
  3 ogre magi
  Erica (D:8)
  8 merfolk aquamancers
  11 two-headed ogres
  16 dancing weapons
  4 centaur warriors
  A death knight (D:15)
  2 demonspawn (Orc:2)
  4 ironbound frosthearts
  4 satyrs
  12 deep troll shamans
  10 tengu warriors
  2 death scarabs (Gauntlet)
  3 boulder beetles
  10 naga warriors
  Urug (Lair:1)
  3 thrashing horrors (Lair:5)
  A hell hog (D:11)
  10 naga sharpshooters
  4 vampire magi
  5 orc high priests
  11 deep troll earth magi
  2 sun demons (Depths:4)
  The ghost of relicbr the Nimble, a journeyman SpDe of Dithmenos (D:11)
  A hell knight (Vaults:5)
  3 skysharks
  Sonja (Lair:4)
  11 shock serpents
  17 deep elf knights
  2 soul eaters
  A titan skeleton (Vaults:3)
  7 spriggans
  5 large abominations
  2 shadow wraiths (Vaults:4)
  An iron troll (shapeshifter) (Vaults:5)
  2 sixfirhies (Zot:3)
  11 iron trolls
  7 salamander mystics
  3 naga ritualists
  14 skeletal warriors
  75 deep trolls
  A quicksilver dragon simulacrum (Vaults:4)
  23 sea snakes
  2 glowing orange brains
  4 flayed ghosts
  15 harpies
  16 deep elf archers
  18 ironbound convokers
  3 bog bodies (IceCv)
  A deep troll (shapeshifter) (Vaults:5)
  10 wizards
  8 orc knights
  An obsidian statue (IceCv)
  31 deep elf pyromancers
  4 phantasmal warriors
  13 lindwurms
  Pikel (D:8)
  A harpy (shapeshifter) (Vaults:5)
  A faun (shapeshifter) (Vaults:5)
  2 necromancers
  A wolf spider (D:15)
  5 mana vipers
  A shining eye (shapeshifter) (Elf:3)
  23 deep elf zephyrmancers
  8 orc sorcerers
  53 ugly things
  A tengu skeleton (Vaults:3)
  5 fauns
  14 moths of wrath
  4 cyclopes
  19 salamanders
  A stone giant skeleton (Vaults:3)
  10 naga magi
  A worldbinder (D:11)
  A moth of wrath (shapeshifter) (Depths:3)
  A frost giant skeleton (Vaults:3)
  A black mamba (shapeshifter) (Lair:5)
  30 black mambas
  25 manticores
  14 elephants
  9 merfolk sirens
  5 guardian serpents
  7 human skeletons
  10 vault sentinels
  2 toenail golems (D:11)
  12 water nymphs
  An unseen horror (shapeshifter) (Vaults:5)
  A smoke demon (Depths:4)
  A gargoyle (D:11)
  A rime drake (D:9)
  An orange demon (Depths:2)
  Maggie (D:8)
  A rime drake (shapeshifter) (Vaults:5)
  A cane toad (shapeshifter) (Depths:3)
  10 cane toads
  25 yaktaurs
  A kobold demonologist (D:14)
  4 unseen horror zombies (D:9)
  5 komodo dragons
  5 ice devils
  20 freezing wraiths
  2 anaconda simulacra (IceCv)
  An elf skeleton (Vaults:3)
  An efreet (D:14)
  7 tengu conjurers
  A red devil (Orc:2)
  A yaktaur skeleton (Vaults:3)
  An ancient zyme (Lair:5)
  6 polar bears
  32 merfolk
  A tyrant leech (Gauntlet)
  A tarantella (Vaults:3)
  7 trolls
  7 wind drakes
  Prince Ribbit (D:5)
  22 blink frogs
  7 hornets
  25 slime creatures
  A raiju (shapeshifter) (Elf:3)
  15 dream sheep
  3 raiju (Zot:3)
  8 snapping turtles
  A spectral black mamba (Gauntlet)
  A slime creature (shapeshifter) (Vaults:5)
  4 air elementals
  2 wyverns (D:10)
  35 yaks
  A shadow (D:12)
  The ghost of Loveship the Sneak, an amateur KoEn (D:3)
  7 wraiths
  2 vampires
  18 water elementals
  2 fire elementals (Elf:1)
  A spectral komodo dragon (Gauntlet)
  4 dire elephant simulacra (IceCv)
  5 hogs (Snake:1)
  A yak (shapeshifter) (Vaults:5)
  6 ynoxinuls
  Grum (D:8)
  9 redbacks
  9 basilisks
  4 chaos spawn
  A redback (shapeshifter) (Depths:3)
  2 minotaur simulacra (IceCv)
  A swamp worm (shapeshifter) (D:15)
  A harpy simulacrum (IceCv)
  A human zombie (Vaults:2)
  A warg (Orc:2)
  2 swamp worms (Gauntlet)
  41 nagas
  3 acid dragons
  9 water moccasins
  9 ice beasts
  45 orc warriors
  4 sky beasts
  4 black bears
  9 ogres
  2 alligator simulacra (IceCv)
  A black bear (shapeshifter) (Vaults:5)
  3 ettin simulacra
  9 centaurs
  27 wolves
  A boggart (D:13)
  A wolf (shapeshifter) (Vaults:5)
  A lemure (D:8)
  2 phantoms (D:9)
  A gnoll sergeant (D:7)
  22 bullfrogs
  5 scorpions
  A deep troll simulacrum (IceCv)
  2 wyvern zombies (D:9)
  4 earth elementals
  5 wights (D:7)
  17 small abominations
  A troll zombie (D:9)
  9 killer bees
  4 lindwurm simulacra (IceCv)
  2 vampire bats (D:5)
  3 electric eels (Lair:5)
  A centaur zombie (D:9)
  13 howler monkeys
  8 jellies
  3 gnoll boudas
  28 orc priests
  4 hounds
  Terence (D:3)
  4 iguanas
  19 orc wizards
  9 lightning spires
  A killer bee zombie (D:9)
  6 ogre zombies (D:9)
  A howler monkey zombie (D:9)
  10 adders
  19 gnolls
  4 white imps
  2 ufetubi
  3 worms
  3 dart slugs
  79 orcs
  9 bats
  4 endoplasms
  3 giant cockroaches (D:2)
  9 goblins
  4 hobgoblins
  5 jackals
  5 quokkas
  6 ball pythons
  5 frilled lizards
  A goblin skeleton (D:9)
  4 goblin zombies (D:9)
  4 hobgoblin skeletons (D:9)
  2 hobgoblin zombies (D:9)
  9 kobolds
  An orc skeleton (D:9)
  12 orc zombies (D:9)
  7 rats
  A butterfly (D:4)
2084 creatures vanquished.

Vanquished Creatures (collateral kills)
  An ironbound preserver (Vaults:5)
  A stone giant (Depths:4)
  A merfolk impaler (Depths:4)
  A merfolk javelineer (Depths:4)
  An entropy weaver (Vaults:5)
  A vault guard (Vaults:5)
  A naga warrior (Snake:2)
  An ironbound convoker (Vaults:5)
  A salamander (Snake:2)
  2 naga magi (Snake:2)
  2 water elementals (Depths:4)
  A naga (Snake:2)
14 creatures vanquished.

Vanquished Creatures (others)
  A fire giant (Depths:3)
  2 draconian knights
  A draconian shifter (Zot:3)
  A draconian annihilator (Zot:1)
  Nessos (D:14)
  A spark wasp (Zot:3)
  A black draconian (Zot:3)
  A shock serpent (Zot:3)
  A deep troll (Vaults:2)
  A phantasmal warrior (Vaults:5)
  4 deep elf pyromancers
  A raiju (Zot:3)
  A slime creature (D:15)
  A water elemental (Elf:2)
  2 nagas (Snake:4)
  7 ball lightnings
  13 fungi
  71 plants
  20 withered plants
131 creatures vanquished.

Grand Total: 2229 creatures vanquished

Notes
Turn   | Place    | Note
-------+----------+-------------------------------------------
     0 | D:1      | Laraso the Armataur Berserker began the quest for the Orb.
     0 | D:1      | Reached XP level 1. HP: 19/19 MP: 1/1
   329 | D:1      | Reached XP level 2. HP: 17/26 MP: 2/2
  1259 | D:2      | Reached XP level 3. HP: 32/32 MP: 3/3
  1342 | D:2      | Found Hosig's Antique Armour Emporium.
  1370 | D:2      | Reached ** piety under Trog
  1860 | D:3      | Found a large runed translucent door.
  1896 | D:3      | Found a large runed translucent door.
  1897 | D:3      | Noticed Loveship's ghost (amateur KoEn)
  1906 | D:3      | Killed Loveship's ghost
  1907 | D:3      | Reached skill level 5 in Maces & Flails
  1907 | D:3      | Reached XP level 4. HP: 39/39 MP: 4/4
  1907 | D:3      | Reached XP level 5. HP: 44/44 MP: 5/5
  2365 | D:3      | Noticed Terence
  2372 | D:3      | Killed Terence
  2438 | D:3      | Found an iron altar of Okawaru.
  2618 | D:3      | Reached XP level 6. HP: 53/53 MP: 6/6
  2893 | D:4      | Found a staircase to the Ecumenical Temple.
  3147 | D:2      | Bought a smoking helmet for 171 gold pieces
  3147 | D:2      | Identified the +0 helmet "Kamog" {Will+ Dex+3 SInv} (You
                  | bought it in a shop on level 2 of the Dungeon)
  3496 | D:4      | Found Etsimimisch's Jewellery Boutique.
  3615 | D:4      | Reached XP level 7. HP: 41/59 MP: 7/7
  3981 | D:5      | Entered Level 5 of the Dungeon
  4197 | D:5      | Found a glowing golden altar of the Shining One.
  4420 | D:5      | Noticed Prince Ribbit
  4428 | D:5      | Killed Prince Ribbit
  4792 | D:5      | Reached *** piety under Trog
  4793 | D:5      | Reached XP level 8. HP: 66/66 MP: 8/8
  5191 | D:5      | Found a glowing silver altar of Zin.
  5384 | D:5      | Reached skill level 10 in Maces & Flails
  5876 | D:6      | Identified the +5 spear of Untruth {protect, Str+3}
  5990 | D:6      | Reached XP level 9. HP: 18/72 MP: 9/9
  6607 | D:7      | Found an opulent altar of Gozag.
  6832 | D:7      | Reached **** piety under Trog
  7158 | D:7      | Found a burning altar of Makhleb.
  7160 | D:7      | Noticed a cacodemon
  7464 | D:7      | Found a hazy altar of Hepliaklqana.
  7637 | D:8      | Found a flagged portal.
  7656 | Bailey   | Entered a bailey
  8117 | Bailey   | Reached XP level 10. HP: 92/92 MP: 10/10
  8117 | Bailey   | Reached XP level 11. HP: 98/98 MP: 11/11
  8344 | D:8      | Noticed Gastronok
  8360 | D:8      | Killed Gastronok
  8361 | D:8      | Reached skill level 5 in Armour
  8361 | D:8      | Reached XP level 12. HP: 48/107 MP: 12/12
  8487 | D:8      | Noticed Pikel
  8491 | D:8      | Killed Pikel
  8525 | D:8      | Noticed Maggie
  8537 | D:8      | Killed Maggie
  8822 | D:8      | Noticed Erica
  8827 | D:8      | Killed Erica
  8936 | D:8      | Noticed Grum
  8940 | D:8      | Killed Grum
  9227 | D:8      | Noticed Joseph
  9230 | D:8      | Banished Joseph
  9765 | D:9      | Found a white marble altar of Elyvilon.
  9815 | D:9      | Found a staircase to the Lair.
  9820 | D:9      | Reached ***** piety under Trog
  9871 | Lair:1   | Entered Level 1 of the Lair of Beasts
  9871 | Lair:1   | Noticed Urug
  9888 | Lair:1   | Killed Urug
 10205 | D:2      | Bought a shiny chain mail for 135 gold pieces
 10815 | Lair:1   | Reached skill level 10 in Armour
 11021 | Lair:1   | Reached skill level 10 in Fighting
 11870 | Lair:2   | Identified the +6 ring mail of Hangman {+Blink SInv}
 11939 | Lair:2   | Reached XP level 13. HP: 120/120 MP: 13/13
 12213 | Lair:2   | Found a staircase to the Shoals.
 12672 | Lair:3   | Reached skill level 5 in Dodging
 12677 | Lair:3   | Reached skill level 1 in Shields
 12870 | Lair:3   | Received a gift from Trog
 12875 | Lair:3   | Reached skill level 2 in Shields
 12933 | Lair:3   | Reached skill level 3 in Shields
 13118 | Lair:3   | Found a staircase to the Snake Pit.
 13281 | Lair:3   | Reached skill level 4 in Shields
 13722 | Lair:4   | Reached skill level 5 in Shields
 14059 | Lair:4   | Noticed Sonja
 14073 | Lair:4   | Killed Sonja
 14223 | Lair:4   | Found a staircase to the Slime Pits.
 14258 | Lair:4   | Received a gift from Trog
 14399 | Lair:4   | Identified the +5 rapier of Circularity {heavy, Fly rC++
                  | Str-3}
 14510 | Lair:5   | Entered Level 5 of the Lair of Beasts
 14630 | Lair:5   | Reached skill level 6 in Shields
 14984 | Lair:5   | Reached XP level 14. HP: 129/129 MP: 14/14
 14987 | Lair:5   | Identified the +3 dagger of Maekhloll {heavy, rF+}
 15810 | Lair:5   | Reached skill level 7 in Shields
 16174 | Lair:5   | Reached skill level 15 in Armour
 16201 | Lair:5   | Reached skill level 8 in Shields
 16326 | Lair:5   | Found a corrupted altar of Lugonu.
 16326 | Lair:5   | Found a one-way gate to the infinite horrors of the Abyss.
 16737 | D:10     | Entered Level 10 of the Dungeon
 16746 | D:10     | Reached skill level 9 in Shields
 16866 | D:9      | Received a gift from Trog
 16870 | D:9      | Found a staircase to the Orcish Mines.
 17067 | D:9      | Found a basalt altar of Yredelemnul.
 17161 | D:10     | Noticed Fannar
 17170 | D:10     | Killed Fannar
 17215 | D:10     | Found a transporter.
 17219 | D:10     | Noticed Bediveer's ghost (journeyman DrCj)
 17248 | D:10     | Found a transporter.
 17281 | D:10     | Gained mutation: You have very sharp teeth. [potion of
                  | mutation]
 17281 | D:10     | Gained mutation: Your muscles are strong. (Str +4, Int/Dex
                  | -1) [potion of mutation]
 17281 | D:10     | Gained mutation: Your mind is acute. (Int +4, Str/Dex -1)
                  | [potion of mutation]
 17282 | D:10     | Lost mutation: Your muscles are strong. (Str +4, Int/Dex
                  | -1) [potion of mutation]
 17282 | D:10     | Lost mutation: You have very sharp teeth. [potion of
                  | mutation]
 17282 | D:10     | Lost mutation: Your mind is acute. (Int +4, Str/Dex -1)
                  | [potion of mutation]
 17282 | D:10     | Gained mutation: You are frail. (-10% HP) [potion of
                  | mutation]
 17282 | D:10     | Gained mutation: Your movements are slightly less
                  | encumbered by armour. (ER -2) [potion of mutation]
 17282 | D:10     | Gained mutation: You expend magic power (3 MP) to
                  | strengthen your wands. [potion of mutation]
 17283 | D:10     | Lost mutation: You expend magic power (3 MP) to strengthen
                  | your wands. [potion of mutation]
 17283 | D:10     | Lost mutation: You are frail. (-10% HP) [potion of
                  | mutation]
 17283 | D:10     | Lost mutation: Your movements are slightly less encumbered
                  | by armour. (ER -2) [potion of mutation]
 17283 | D:10     | Gained mutation: You have a pair of small horns on your
                  | head. [potion of mutation]
 17283 | D:10     | Gained mutation: You are dopey. (Int -2) [potion of
                  | mutation]
 17283 | D:10     | Lost mutation: You are dopey. (Int -2) [potion of mutation]
 17283 | D:10     | Gained mutation: You are frail. (-10% HP) [potion of
                  | mutation]
 17283 | D:10     | Gained mutation: You passively dampen the noise of your
                  | surroundings. [potion of mutation]
 17284 | D:10     | Lost mutation: You passively dampen the noise of your
                  | surroundings. [potion of mutation]
 17284 | D:10     | Lost mutation: You are frail. (-10% HP) [potion of
                  | mutation]
 17284 | D:10     | Lost mutation: You have a pair of small horns on your head.
                  | [potion of mutation]
 17284 | D:10     | Gained mutation: You are strong-willed. (Will+) [potion of
                  | mutation]
 17284 | D:10     | Gained mutation: Your body sometimes deteriorates upon
                  | taking damage. [potion of mutation]
 17284 | D:10     | Gained mutation: You are somewhat resistant to further
                  | mutation. [potion of mutation]
 17434 | D:10     | Found Ydghivviq's General Store.
 17451 | D:10     | Reached skill level 10 in Shields
 17719 | Orc:1    | Entered Level 1 of the Orcish Mines
 17828 | D:9      | Reached skill level 1 in Evocations
 17932 | Orc:2    | Entered Level 2 of the Orcish Mines
 17947 | Orc:2    | Found a staircase to the Elven Halls.
 18339 | Orc:2    | Found Puhuecw's Magic Scroll Emporium.
 18346 | Orc:2    | Found Ydietiem's Magic Scroll Shoppe.
 18552 | Orc:2    | Bought a scroll of enchant weapon for 120 gold pieces
 18571 | Orc:2    | Received a gift from Trog
 18737 | Orc:2    | Reached skill level 5 in Evocations
 19027 | Orc:2    | Reached skill level 11 in Shields
 19044 | Orc:2    | Reached XP level 15. HP: 91/132 MP: 15/15
 19145 | Orc:2    | Found Nata's Book Boutique.
 19145 | Orc:2    | Found Qec Refase's Antique Weapon Shop.
 19146 | Orc:2    | Found a one-way gate leading to the halls of Pandemonium.
 19190 | Orc:2    | Noticed Snorg
 19221 | Orc:2    | Killed Snorg
 19275 | Orc:2    | Bought a scroll of identify for 32 gold pieces
 19275 | Orc:2    | Bought a scroll of identify for 32 gold pieces
 19275 | Orc:2    | Bought a scroll of identify for 32 gold pieces
 19281 | Orc:2    | Bought a scroll of identify for 28 gold pieces
 19281 | Orc:2    | Bought a scroll of identify for 28 gold pieces
 19281 | Orc:2    | Bought a scroll of identify for 28 gold pieces
 19284 | Orc:2    | Bought a scroll of magic mapping for 105 gold pieces
 19284 | Orc:2    | Bought a scroll of blinking for 105 gold pieces
 19284 | Orc:2    | Bought a scroll of fog for 56 gold pieces
 19924 | Orc:1    | Received a gift from Trog
 20629 | D:10     | Killed Bediveer's ghost
 20933 | D:11     | Found Tapiz's Self-Improvement Boutique.
 21008 | D:11     | Found a transporter.
 21013 | D:11     | Found a transporter.
 21019 | D:11     | Noticed relicbr's ghost (journeyman SpDe)
 21288 | D:11     | Killed relicbr's ghost
 21444 | D:12     | Found a gate leading to a gauntlet.
 21456 | D:12     | Reached skill level 12 in Shields
 21512 | Gauntlet | Entered a Gauntlet
 21512 | Gauntlet | Found a transporter.
 21519 | Gauntlet | Found a transporter.
 21528 | Gauntlet | Found a transporter.
 21532 | Gauntlet | Found a transporter.
 21542 | Gauntlet | Found a transporter.
 21542 | Gauntlet | Found a transporter.
 21544 | Gauntlet | Found a transporter.
 21547 | Gauntlet | Found a transporter.
 21597 | Gauntlet | Found a transporter.
 21597 | Gauntlet | Found a transporter.
 21601 | Gauntlet | Found a transporter.
 21615 | Gauntlet | Found a transporter.
 21779 | Gauntlet | Identified the ring "Zealed" {rPois rCorr Str-5 Dex+4}
 21784 | Gauntlet | Identified the +1 cloak "Hips" {rElec Str+3 Int+5 Slay-2}
 21804 | Gauntlet | Identified the ring of Laqay {Fly rF- Str+8 Stlth-}
 21822 | Gauntlet | Identified the +2 long sword "Qifusmaq" {heavy, rElec Str+2
                  | Stlth+}
 22192 | D:12     | Received a gift from Trog
 22685 | D:13     | Noticed Josephine
 22699 | D:13     | Killed Josephine
 22700 | D:13     | Reached skill level 10 in Evocations
 22767 | D:13     | Found a gate to the Vaults.
 22904 | D:13     | Reached skill level 13 in Shields
 23440 | D:14     | Identified the +7 shortbow "Caetajef" {heavy, rCorr Stlth+}
 23488 | D:14     | Reached XP level 16. HP: 120/143 MP: 16/16
 23693 | D:14     | Identified a scroll of acquirement
 23694 | D:14     | Acquired 1060 gold pieces
 23748 | D:14     | Noticed Agnes
 23759 | D:14     | Killed Agnes
 23790 | D:14     | Found a bloodstained altar of Trog.
 23902 | D:14     | Noticed Nessos
 23907 | D:14     | Killed Nessos
 24348 | D:15     | Entered Level 15 of the Dungeon
 24433 | D:15     | Found a staircase to the Depths.
 24561 | D:15     | Reached skill level 15 in Shields
 24561 | D:15     | Reached XP level 17. HP: 149/149 MP: 17/17
 24561 | D:15     | Reached XP level 18. HP: 157/157 MP: 18/18
 24802 | D:15     | Reached skill level 16 in Shields
 24916 | D:15     | Reached ****** piety under Trog
 25484 | Snake:1  | Entered Level 1 of the Snake Pit
 25543 | Snake:1  | Found a transporter.
 25592 | Snake:1  | Found a flickering gateway to a bazaar.
 25620 | Bazaar   | Entered a bazaar
 25620 | Bazaar   | Found Gicrer's Antique Weapon Shop.
 25620 | Bazaar   | Found Myac's Distillery.
 25662 | Bazaar   | Found Syll's Antique Armour Shop.
 25670 | Bazaar   | Bought the +2 shield of Resistance {rF++ rC++ Will++} for
                  | 2397 gold pieces
 25670 | Bazaar   | Found the +2 shield of Resistance {rF++ rC++ Will++}
 25881 | Snake:1  | Found a transporter.
 25886 | Snake:1  | Identified the +0 scimitar "Kaqink" {freeze, Fragile Fly
                  | rN++ SInv}
 26034 | Snake:1  | Noticed Aizul
 26050 | Snake:1  | Killed Aizul
 26130 | Snake:2  | Noticed Kirke
 26230 | Snake:1  | Killed Kirke
 26230 | Snake:1  | Received a gift from Trog
 27087 | Snake:2  | Noticed Jorgrun
 27099 | Snake:2  | Killed Jorgrun
 27242 | Snake:2  | Found a flickering gateway to a bazaar.
 27263 | Bazaar   | Entered a bazaar
 27323 | Bazaar   | Found Gexka's Assorted Antiques.
 27353 | Bazaar   | Found Nutsuc's Jewellery Shoppe.
 27420 | Bazaar   | Found Tuhi's Magic Scroll Shoppe.
 27428 | Bazaar   | Bought a scroll of blinking for 105 gold pieces
 27450 | Bazaar   | Found Huoh Jyraf's Jewellery Shoppe.
 27941 | Snake:2  | Reached skill level 17 in Shields
 28229 | Snake:3  | Received a gift from Trog
 28989 | Snake:3  | Reached XP level 19. HP: 176/176 MP: 19/19
 29059 | Snake:4  | Entered Level 4 of the Snake Pit
 29980 | Snake:4  | Identified the +5 lajatang of Megalomania {flame, Dex+3}
                  | (Trog gifted it to you on level 4 of the Snake Pit)
 29980 | Snake:4  | Received a gift from Trog
 30324 | Snake:4  | Reached skill level 18 in Shields
 30547 | Snake:4  | Got a serpentine rune of Zot
 30880 | Shoals:1 | Entered Level 1 of the Shoals
 31277 | Elf:1    | Entered Level 1 of the Elven Halls
 31383 | Orc:2    | Reached skill level 15 in Fighting
 31709 | Shoals:1 | Identified the +7 dagger "Peyph" {spect, Drain rF- Will+
                  | Int+9}
 31781 | Shoals:1 | Found Qadom's Visitors' Centre.
 31781 | Shoals:1 | Found Qadom's Merfolk Armours.
 31940 | Shoals:1 | Found Qadom's Merfolk Magic.
 31940 | Shoals:1 | Found Qadom's Merfolk Weapons.
 32026 | Shoals:1 | Found Yrennuqu's General Store.
 32029 | Shoals:1 | Bought a scroll of magic mapping for 120 gold pieces
 33326 | Shoals:2 | Reached skill level 19 in Shields
 33911 | Shoals:3 | Identified the +10 morningstar "Xiugg" {antimagic, Fragile
                  | Str+8 Stlth+} (Trog gifted it to you on level 3 of the
                  | Shoals)
 33911 | Shoals:3 | Received a gift from Trog
 34121 | Shoals:3 | Found a runed translucent door.
 34275 | Shoals:3 | Reached XP level 20. HP: 192/192 MP: 20/20
 34415 | Shoals:3 | Reached skill level 20 in Shields
 35257 | Shoals:4 | Entered Level 4 of the Shoals
 35824 | Shoals:4 | Received a gift from Trog
 35897 | Shoals:4 | Identified the +3 falchion of Awui {spect, rC- Int+5 Dex+9}
 35981 | Shoals:4 | Paralysed by an air elemental for 1 turns
 35988 | Shoals:4 | Paralysed by an air elemental for 1 turns
 36624 | Shoals:4 | Paralysed by an air elemental for 1 turns
 37411 | Shoals:4 | Identified the +9 whip "Starlight" {protect, Str+2 Int+3}
 37718 | Shoals:4 | Got a barnacled rune of Zot
 38043 | Elf:1    | Received a gift from Trog
 38061 | Elf:1    | Reached skill level 21 in Shields
 38381 | Elf:1    | Found Juvon's Weapon Emporium.
 38644 | Elf:1    | Found Wuurhecu's Assorted Antiques.
 38860 | Elf:1    | Received a gift from Trog
 38922 | Elf:1    | Found Vuumnuf's Armour Emporium.
 39149 | Elf:1    | Found Mieg Lusai's Assorted Antiques.
 39287 | Elf:2    | Noticed Saint Roka
 39399 | Elf:1    | Killed Saint Roka
 39595 | Elf:2    | Found a huge runed translucent gate.
 39595 | Elf:2    | Found a huge runed translucent gate.
 39600 | Elf:2    | Found a huge runed translucent gate.
 39601 | Elf:2    | Found a huge runed translucent gate.
 39602 | Elf:2    | Found a huge runed translucent gate.
 39645 | Elf:2    | Noticed Yakesh's ghost (adept MiFi)
 39656 | Elf:2    | Found a transporter.
 39703 | Elf:2    | Found a transporter.
 39724 | Elf:2    | Found Vutuemp's Jewellery Emporium.
 40068 | Elf:2    | Reached XP level 21. HP: 196/201 MP: 21/21
 40260 | Elf:3    | Entered Level 3 of the Elven Halls
 40277 | Elf:3    | Found a frozen archway.
 40296 | IceCv    | Entered an ice cave
 40637 | IceCv    | Identified the +4 mace of Darkness {flame, rF+ rC+} (Trog
                  | gifted it to you in an ice cave)
 40637 | IceCv    | Received a gift from Trog
 40812 | IceCv    | Found an ancient bone altar of Kikubaaqudgha.
 41685 | Elf:3    | Identified the +9 dagger of Imbalance {venom, Int+5 Stlth-}
 41711 | Elf:3    | Identified the +0 leather armour of Ashruh {rC+ rCorr MP-9
                  | Slay+3}
 41924 | Elf:3    | Noticed Bai Suzhen
 41955 | Elf:3    | Banished Bai Suzhen
 42033 | Elf:3    | Reached skill level 15 in Evocations
 42085 | Elf:3    | Identified the ring of Scepticism {rElec Will- Str-3 Dex+6
                  | SInv}
 42270 | Elf:3    | Identified the +2 fire dragon scales of the Solstice {rF++
                  | rC- Stlth+}
 42288 | Elf:3    | Identified the ring of the Real Monster {rF++ rCorr Dex+6}
 42309 | Elf:3    | Identified the +0 helmet of Cuatteuc {rPois Int+4 Slay+2}
 42357 | Elf:3    | Found the +3 Mad Mage's Maulers {Infuse+∞ VampMP -Cast}
 42365 | Elf:3    | Identified the +0 ring mail of Lopran {Regen+ Str+3}
 42777 | Elf:3    | Identified the staff of poison "Maom" {rPois rC+ Str+4
                  | Int+3 Dex-3}
 42870 | Elf:1    | Bought a scroll of acquirement for 1248 gold pieces
 42870 | Elf:1    | Acquired 777 gold pieces
 43093 | Depths:1 | Entered Level 1 of the Depths
 43291 | Depths:1 | Noticed Asterion
 43519 | Depths:1 | Killed Asterion
 43526 | Depths:1 | Found a gateway to Hell.
 43646 | Depths:1 | Received a gift from Trog
 43769 | Depths:1 | Found a sacrificial altar of Ru.
 45319 | Depths:1 | Reached skill level 22 in Shields
 46039 | Depths:2 | You fall into a shaft and drop 2 floors!
 46039 | Depths:4 | Entered Level 4 of the Depths
 46342 | Depths:4 | Reached XP level 22. HP: 149/203 MP: 2/22
 46484 | Depths:4 | Found a gate to the Realm of Zot.
 46664 | Depths:4 | Received a gift from Trog
 47990 | Depths:3 | Received a gift from Trog
 48313 | Depths:3 | Found a one-way gateway to a ziggurat.
 48412 | Depths:3 | Noticed a juggernaut
 48438 | Depths:3 | Banished a juggernaut
 48508 | Depths:3 | Noticed a caustic shrike
 48514 | Depths:3 | Killed a caustic shrike
 48775 | Depths:3 | Noticed a golden dragon
 48787 | Depths:3 | Killed a golden dragon
 48869 | Depths:3 | Noticed a caustic shrike
 48874 | Depths:3 | Killed a caustic shrike
 49034 | Depths:3 | Noticed a juggernaut
 49044 | Depths:3 | Killed a juggernaut
 49397 | Depths:3 | Reached skill level 10 in Dodging
 49849 | Depths:3 | Identified the +2 hand axe of Experimentation {heavy, Will+
                  | Dex+2 SInv}
 50118 | Depths:2 | Acquired a manual of Shields
 50816 | Depths:2 | Found Impo's Book Shoppe.
 50854 | Depths:2 | Found Baorewif's General Store.
 50929 | Depths:2 | Identified the +1 leather armour "Oblosumo" {MP+9}
 51229 | Depths:2 | Identified the +6 lajatang of the Hidden Vale {speed, Will-
                  | Str+6}
 52095 | Depths:3 | Noticed a golden dragon
 52100 | Depths:3 | Reached skill level 23 in Shields
 52100 | Depths:3 | Reached XP level 23. HP: 201/214 MP: 1/23
 53765 | Depths:2 | Bought a scroll of enchant armour for 127 gold pieces
 53938 | Vaults:1 | Entered Level 1 of the Vaults
 54128 | Vaults:1 | Identified the +1 mace of the Middle {heavy, *Rage rPois
                  | rF+ SInv} (Trog gifted it to you on level 1 of the Vaults)
 54128 | Vaults:1 | Received a gift from Trog
 54711 | Vaults:1 | Found a runed translucent door.
 55123 | Vaults:1 | Reached skill level 24 in Shields
 55932 | Vaults:1 | Noticed Luiw's ghost (veteran HOBe)
 55973 | Vaults:1 | Killed Luiw's ghost
 56174 | Vaults:2 | Received a gift from Trog
 56178 | Vaults:2 | Reached skill level 25 in Shields
 56775 | Vaults:2 | Reached skill level 26 in Shields
 56818 | Vaults:2 | Received a gift from Trog
 57496 | Vaults:2 | Found the +27 heavy crossbow "Sniper" {heavy, Acc+∞ SInv}
 57891 | Vaults:2 | Identified the +4 flail "Lezxomel" {flame, rElec Str-3
                  | Int+5}
 59276 | Vaults:3 | Reached skill level 27 in Shields
 60466 | Vaults:3 | Reached XP level 24. HP: 217/226 MP: 4/23
 60596 | Vaults:3 | Found a staircase to the Crypt.
 61128 | Vaults:3 | Found Gucykelo's Antique Weapon Shoppe.
 64156 | Vaults:4 | Noticed a dread lich
 64156 | Vaults:4 | Noticed Luiw's ghost (veteran HOBe)
 64157 | Vaults:4 | Found a transporter.
 64187 | Vaults:4 | Found a transporter.
 64362 | Vaults:4 | Received a gift from Trog
 64370 | Vaults:4 | Killed a dread lich
 64402 | Vaults:4 | Killed Luiw's ghost
 64408 | Vaults:4 | Identified the +1 cloak of Negligence {rElec rF+++ Int+4
                  | Dex-4}
 64812 | Vaults:5 | Entered Level 5 of the Vaults
 64863 | Vaults:5 | Noticed Sojobo
 64864 | Vaults:5 | Noticed a dread lich
 64884 | Vaults:5 | Paralysed by an air elemental for 1 turns
 64887 | Vaults:5 | Killed a dread lich
 64893 | Vaults:5 | Paralysed by an air elemental for 1 turns
 64906 | Vaults:5 | Killed Sojobo
 65690 | Vaults:5 | Identified the +0 rapier "Viehyiv" {antimagic, Dex+3}
 65699 | Vaults:5 | Reached skill level 1 in Stealth
 66018 | Vaults:5 | Received a gift from Trog
 66162 | Vaults:5 | Identified the ring of Descent {AC+4 Str+3 Dex+3}
 66296 | Vaults:5 | Identified the ring "Tenek" {Fly rPois rCorr Str+2}
 66314 | Vaults:5 | Reached skill level 5 in Stealth
 66672 | Vaults:5 | Identified the ring of Youthful Indiscretion {rPois Int+3}
 66691 | Vaults:5 | Identified the ring "Tuotail" {rF+++ rC- rCorr MP-9 Int+4}
 66944 | Vaults:5 | Reached XP level 25. HP: 247/247 MP: 6/23
 67225 | Vaults:5 | Identified the +0 scale mail of Fanaticism {+Blink Dex+2}
 67244 | Vaults:5 | Received a gift from Trog
 68122 | Vaults:5 | Reached skill level 10 in Stealth
 68567 | Vaults:5 | Identified the staff of poison "Piczeps" {rPois Int+3}
 68571 | Vaults:5 | Identified the staff of fire "Obrowkid" {rElec rF+ Int+3}
 68591 | Vaults:5 | Got a silver rune of Zot
 69173 | Vaults:5 | Identified the +0 ring mail "Gusom" {Stlth+}
 69607 | Elf:2    | Bought the amulet "Feucleru" {Spirit rPois Will+ Dex+4} for
                  | 1048 gold pieces
 69993 | Zot:1    | Entered Level 1 of the Realm of Zot
 70883 | Zot:1    | Found the +4 dragonskin cloak
 70883 | Zot:1    | Noticed Tiamat
 70893 | Zot:1    | Banished Tiamat
 72479 | Zot:2    | Found a runed translucent gate.
 72480 | Zot:2    | Found a runed translucent gate.
 72481 | Zot:2    | Found a runed translucent gate.
 72483 | Zot:2    | Noticed LobsterGuardian's ghost (master DsFi)
 72484 | Zot:2    | Found a viscous altar of Jiyva.
 72532 | Zot:2    | Found a transporter.
 72551 | Zot:2    | Found a transporter.
 72558 | Zot:2    | Noticed Vv
 72570 | Zot:2    | Killed Vv
 72716 | Zot:2    | Received a gift from Trog
 73419 | Zot:3    | Noticed a Killer Klown
 73421 | Zot:3    | Banished a Killer Klown
 74519 | Zot:3    | Reached XP level 26. HP: 199/263 MP: 2/23
 76387 | Zot:4    | Received a gift from Trog
 78212 | Zot:4    | Acquired the +8 eveningstar "Grim Tooth" {vamp, rPois rC+
                  | rCorr Dex+3}
 78551 | Zot:5    | Entered Level 5 of the Realm of Zot
 78569 | Zot:5    | Found a runed translucent door.
 78571 | Zot:5    | Noticed cforsyth's ghost (legendary FoFi)
 79568 | Zot:5    | Reached skill level 15 in Dodging
 79670 | Zot:5    | Noticed a dread lich
 79687 | Zot:5    | Noticed an ancient lich
 79703 | Zot:5    | Killed an ancient lich
 79709 | Zot:5    | Killed a dread lich
 80037 | Zot:5    | Noticed an orb of fire
 80052 | Zot:5    | Killed an orb of fire
 80224 | Zot:5    | Noticed an orb of fire
 80224 | Zot:5    | Noticed an orb of fire
 80254 | Zot:5    | Killed an orb of fire
 80265 | Zot:5    | Killed an orb of fire
 80290 | Zot:5    | HP: 2/263 [Killer Klown/klown pie (37)]
 80290 | Zot:5    | Killed from afar by a red draconian scorcher

Illustrated notes

Levels and vault maps discovered:
D:1:      nagdon_arrival_double_spiral, layout_basic
D:2:      layout_basic, serial_shops, nicolae_shop_statue_plus
D:3:      layout_loops_cross, okawaru_trees_2, ebering_ghost_disaster_area,
          uniq_terence
D:4:      layout_gridville, minmay_temple_entry_butterflies, serial_shops, shop,
          nicolae_figureground_pulse
D:5:      layout_loops_ring, tso_metal_star, zin_scriptorium,
          minmay_strange_pillars, roderic_batcave, minmay_pentangle,
          uniq_prince_ribbit1
D:6:      layout_rooms
D:7:      layout_loops_ring, worldfamousw_hep_ancestral_shrine,
          makhleb_altar_promises_db, nicolae_gozag_seed_capital
D:8:      layout_loops_ring, enter_bailey_6, uniq_gastronok, uniq_joseph,
          uniq_pikel, uniq_grum, uniq_erica, uniq_maggie
D:9:      layout_long_grid, nicolae_yredelemnul_corpse_copse,
          mainiacjoe_overflow_catwalk, hellmonk_lair_entry_icy,
          zombieorc2_lemuel
D:10:     layout_rooms, gammafunk_ghost_arena, kennysheep_windowed_goal,
          uniq_fannar
D:11:     layout_basic, gammafunk_ghost_abyssal_escape, nicolae_shop_self_help
D:12:     layout_roguey, gauntlet_entry_generic
D:13:     layout_basic, lightli_vaults_fourway_checkpoint, uniq_josephine
D:14:     layout_loops_cross, trog_three_pillars_becter, uniq_nessos, uniq_agnes
D:15:     hangedman_depths_entry_try_elsewhere_first, layout_rooms,
          hellmonk_bongcloud_opening, small_statue_alley_a,
          minmay_fractal_squares_diagonal_5
Lair:1:   layout_regular_city, beast_lair_carwin_7, uniq_urug
Lair:2:   layout_long_grid, minmay_shoals_entry_hut, grunt_megastairs_3,
          serial_bayou_shore_b
Lair:3:   layout_loops_ring, guppyfry_snake_entry_garden,
          grunt_forest_stairs_basic, minivault_24, beast_lair_carwin_3
Lair:4:   layout_loops_ring, minmay_slime_entry_pillars, uniq_sonja
Lair:5:   hellmonk_lair_end_abyssal_woods, layout_hall_layers,
          serial_bayou_shore_a, lemuel_fruit_fields, grunt_megastairs_1
Shoals:1: nicolae_shoals_mermall, layout_shoals, serial_shops,
          nicolae_shop_behind_doors
Shoals:2: layout_shoals
Shoals:3: layout_shoals, lightli_airlock
Shoals:4: shoals_end_hellmonk_storm_palace [storm_palace_center_ruins,
          storm_palace_corner_grid, storm_palace_corner_grid,
          storm_palace_corner_reverse_hut, storm_palace_corner_blocked]
Snake:1:  gammafunk_the_bubble [the_bubble_gammafunk_plus_minus],
          layout_misc_corridors, serial_shops, bzr_entry_water, drop_trap,
          lemuel_fruit_tree, uniq_aizul
Snake:2:  layout_rooms, serial_shops, bzr_entry_gold, uniq_jorgrun, uniq_kirke
Snake:3:  nicolae_sea_snake_s, layout_concentric_octagons,
          nicolae_snake_round_shape_thing
Snake:4:  johnstein_snake_rune_scales, layout_basic
Orc:1:    layout_diamond_mine
Orc:2:    pf_orc_diabolical, layout_diamond_mine, basic_altar, uniq_snorg
Elf:1:    nicolae_elf_arrival_fired_up, layout_loops_cross, serial_shops,
          nicolae_shop_stone, nicolae_shop_behind_doors, shop,
          nicolae_square_shop, hangedman_elven_crosses_minicolossus, drop_trap,
          hangedman_elf_represent
Elf:2:    elven_hall_of_blades_hangedman_alternative [mumra_blade_entry_dagger],
          layout_geoelf_octagon, serial_shops, shop,
          gammafunk_ghost_berserking_beasts, drop_trap, grunt_ministairs_13,
          hangedman_research_electronics, uniq_saint_roka
Elf:3:    grunt_elf_hall_asides, layout_rooms,
          portal_ice_cave_entry_pillars_four, minmay_misc_feat_five,
          uniq_bai_suzhen
Vaults:1: ebering_ghost_inner_flame, v_misc_8, nicolae_vaults_little_squares_3,
          vaults_room_grunt_arrival_ludios, ontoclasm_vaults_pinch,
          ontoclasm_vaults_ring_large, hangedman_vaults_corner_blocks,
          vaults_standard_mumra_enter_the_diamond, v_rooms_1, v_misc_22,
          v_rooms_4, nicolae_vaults_little_squares_6, special_room_vaults
          [special_room_orc], vaults_room_pools, layout_vaults_maze
Vaults:2: nicolae_vaults_yaktaur_gun_rack, nicolae_vaults_display_case,
          hangedman_vaults_nodes, nicolae_vaults_little_squares_2,
          nicolae_vaults_circle_grid_b, v_misc_15, grunt_vaults_hallway_short,
          v_misc_5, vaults_dpeg_hooks, nicolae_vaults_little_squares_4,
          nicolae_vaults_windows_and_doors_thing, vaults_room_door_hall,
          vaults_mumra_hex, ontoclasm_vaults_twist,
          ontoclasm_vaults_loading_screen, vaults_dpeg_encased_lava,
          layout_vaults_ring, uniq_margery
Vaults:3: minmay_crypt_entry_skeletal_spiral,
          hangedman_vaults_stretched_pinwheel, v_rooms_3, v_misc_9,
          vaults_dpeg_spiral, v_misc_14, v_misc_16, v_misc_4, v_misc_1,
          layout_vaults_omnigrid, serial_shops, shop
Vaults:4: gammafunk_ghost_mausoleum, v_rooms_6, vaults_room_boxed, v_misc_30,
          ontoclasm_vaults_tryst, nicolae_vaults_specimen_jars,
          vaults_room_fours, ontoclasm_vaults_eye, hangedman_vaults_maws,
          nicolae_vaults_theta, layout_vaults_chaotic_city
Vaults:5: uniq_sojobo
Depths:1: layout_basic, hell_entry, kennysheep_donut, abyss_entry_crystal,
          hangedman_decor_points, serial_sigils_hangedman_clutch,
          nicolae_ru_path_of_blood, uniq_asterion
Depths:2: dreamdust_tengu_aerie, layout_cave_shapes, hell_entry,
          minmay_room_of_horrors, minmay_holes, rand_demon_pan_entry_1,
          st_stairs_7, minmay_shoptagon, infiniplex_staircase_zigzag_1
Depths:3: nicolae_fronds_of_death, layout_gridlike, enter_ziggurat_b,
          minmay_fountain_box, hell_entry, abyss_entry, firewood_loft,
          serial_bayou_shore_b, infiniplex_staircase_pool_2
Depths:4: evilmike_zot_entry_hall, layout_basic, abyss_entry, hellmouth_1,
          chequers_big_river, mu_enter_wizlab_2
Zot:1:    layout_gridlike, skrybe_zot_glass_3, uniq_tiamat
Zot:2:    gammafunk_sealed_arena, layout_misc_corridors, gammafunk_ghost_ooze,
          uniq_josephina, uniq_vv
Zot:3:    infiniplex_zot_generator, layout_twisted_circle
Zot:4:    layout_onion_interference, lemuel_elevator
Zot:5:    layout_gridlike, gammafunk_ghost_grave

Skill      XL: |  1  2  3  4  5  6  7  8  9 10 11 12 13 14 15 16 17 18 19 20 21 22 23 24 25 26 |
---------------+-------------------------------------------------------------------------------+-----
Maces & Flails | 3 5 6 7 9 11 16 | 16.0
Fighting       | 7 10 13 16 19 22 | 22.0
Armour         | 5 10 13 15 17 19 20 | 20.0
Dodging        | 3 5 11 12 16 | 16.5
Shields        | 6 11 13 15 17 19 21 22 23 27 | 27.0
Evocations     | 5 11 12 13 16 | 16.0
Stealth        | 7 12 | 12.0

Action                     |  1- 3 |  4- 6 |  7- 9 | 10-12 | 13-15 | 16-18 | 19-21 | 22-24 | 25-27 || total
---------------------------+-------+-------+-------+-------+-------+-------+-------+-------+-------++-------
  Melee: Mace              |   135 |    15 |       |       |       |       |       |       |       ||   150
         Tailslap          |    14 |    10 |    46 |    38 |   240 |   100 |   349 |   419 |   293 ||  1509
         Punch             |     2 |       |     2 |     1 |     7 |       |       |       |       ||    12
         Morningstar       |       |    76 |   306 |   234 |  1245 |   564 |  1806 |  1755 |   807 ||  6793
         Eveningstar       |       |       |       |       |       |       |       |       |   324 ||   324
         Unarmed           |       |       |       |       |       |       |       |       |    12 ||    12
 Invoke: Berserk           |     1 |     3 |     5 |     3 |     9 |     1 |     3 |     1 |     1 ||    27
         Trog's Hand       |       |       |       |     1 |       |       |     3 |     1 |     2 ||     7
         Brothers in Arms  |       |       |       |       |       |     1 |     2 |     1 |       ||     4
Ability: Evoke Blink       |       |       |       |       |       |       |     2 |     3 |       ||     5
  Evoke: Wand              |       |       |       |       |     5 |       |       |       |       ||     5
         Tin of tremorston |       |       |       |       |       |       |     2 |       |       ||     2
         Condenser vane    |       |       |       |       |       |       |     1 |     1 |       ||     2
         Box of beasts     |       |       |       |       |       |       |       |     1 |       ||     1
    Use: Scroll            |     6 |       |     4 |     7 |    19 |     6 |     5 |    14 |     8 ||    69
         Potion            |       |     1 |     2 |       |     5 |     1 |     3 |    12 |     9 ||    33
   Stab: Petrified         |       |       |       |       |    10 |       |       |       |       ||    10
         Held in net/web   |       |       |       |       |       |       |     3 |       |       ||     3
         Distracted        |       |       |       |       |       |       |     2 |     6 |    12 ||    20
         Sleeping          |       |       |       |       |       |       |       |    14 |    17 ||    31
         Invisible         |       |       |       |       |       |       |       |       |     4 ||     4
 Armour: Animal skin       |    23 |       |       |       |       |       |       |       |       ||    23
         Scale mail        |    32 |    41 |   127 |    42 |       |       |       |       |       ||   242
         Chain mail        |       |       |       |    41 |       |       |       |       |       ||    41
         Ring mail         |       |       |       |     2 |   563 |   184 |   608 |   201 |       ||  1558
         Shadow dragon sca |       |       |       |       |       |       |       |   288 |   458 ||   746
  Dodge: Dodged            |    56 |    23 |   108 |    78 |   307 |    96 |   289 |   395 |   354 ||  1706
  Block: Tower shield      |       |       |       |       |   781 |   217 |       |       |       ||   998
         Reflection        |       |       |       |       |    26 |    61 |   174 |    75 |    20 ||   356
         Kite shield       |       |       |       |       |       |   377 |  1547 |  1509 |  1009 ||  4442
         Other             |       |       |       |       |       |       |       |       |     3 ||     3

Table legend: (Time is in decaauts)
 A = Elapsed time spent in this place.
 B = Non-inter-level travel time spent in this place.
 C = Inter-level travel time spent in this place.
 D = Time resting spent in this place.
 E = Time spent auto-exploring this place.
 F = Levels seen in this place.
 G = Mean time per level.
                   A        B        C        D        E       F      G
               +--------+--------+--------+--------+--------+-----+--------+
         Total |  78757 |  73966 |   4791 |  21157 |  38167 |  52 | 1514.6 |
       Dungeon |  16523 |  14485 |   2038 |   3155 |   8923 |  15 | 1101.5 |
          Lair |   6399 |   5905 |    494 |   1498 |   3513 |   5 | 1279.8 |
        Shoals |   6242 |   6011 |    231 |   2557 |   2103 |   4 | 1560.5 |
     Snake Pit |   4692 |   4560 |    132 |   1007 |   2319 |   4 | 1173.0 |
  Orcish Mines |   3347 |   3078 |    269 |   1590 |    860 |   2 | 1673.5 |
   Elven Halls |   4092 |   3811 |    281 |   1082 |   1248 |   3 | 1364.0 |
        Vaults |  15034 |  14530 |    504 |   3042 |   9276 |   5 | 3006.8 |
        Depths |  10273 |   9589 |    684 |   2809 |   4953 |   4 | 2568.2 |
           Zot |   9959 |   9803 |    156 |   3791 |   4337 |   5 | 1991.8 |
        Bazaar |    484 |    484 |      0 |      0 |    414 |   2 |  242.0 |
        Bailey |    652 |    652 |      0 |    485 |      3 |   1 |  652.0 |
      Ice Cave |    617 |    617 |      0 |     66 |    166 |   1 |  617.0 |
      Gauntlet |    437 |    437 |      0 |     71 |     51 |   1 |  437.0 |
               +--------+--------+--------+--------+--------+-----+--------+

Top non-repeatable levels by time:
Vaults:5: 4242 daAuts
Depths:3: 3234 daAuts
Vaults:3: 3117 daAuts
Vaults:4: 3028 daAuts
Depths:4: 2732 daAuts
   Orc:2: 2642 daAuts
   Zot:3: 2454 daAuts
Vaults:2: 2434 daAuts
   Zot:1: 2376 daAuts
   Zot:4: 2372 daAuts
Vaults:1: 2211 daAuts
Depths:2: 2186 daAuts
Depths:1: 2119 daAuts
Shoals:3: 2093 daAuts
Shoals:4: 2005 daAuts
